 Dungeon Sprint DCSS version 0.30.1-11-g7821555f0a (webtiles) character file.

Game seed: 6568879616508130348

446 DiggyJ the Shield-Bearer (level 6, -4/102 HPs)
             Began as a Troll Fighter on Jan 8, 2024.
             Was an Initiate of Cheibriados.
             Succumbed to Sonja's poison
             ... in the Dungeon (Sprint I: "Red Sonja").
             The game lasted 00:02:30 (213 turns).

DiggyJ the Shield-Bearer (Troll Fighter)             Turns: 213, Time: 00:02:30

Health: -4/102     AC:  4    Str: 28    XL:     6   Next: 73%
Magic:  5/5        EV: 10    Int:  5    God:    Cheibriados [......]
Gold:   275        SH:  9    Dex: 10    Spells: 5/5 levels left

rFire   . .          .
                       - Unarmed
rCold   . . .        b - +0 kite shield
rNeg    . . .        a - +0 robe
rPois   .            (helmet restricted)
rElec   .            (no cloak)
rCorr   .            (gloves unavailable)
SInv    .            (boots unavailable)
Will    .....        (no amulet) Stlth
                     (no ring)
HPRegen 1.17/turn    (no ring)
MPRegen 0.09/turn

%: no teleportation
@: berserking, lethally poisoned (-4 -> -40), slow
A: large, unfitting armour, claws 3, regeneration 1, shaggy fur 1, tough skin 1
a: Renounce Religion


You were in the Dungeon.
You worshipped Cheibriados.
Cheibriados was noncommittal.
You visited 1 branch You collected 297 gold pieces.
You spent 22 gold pieces at shops.

Inventory:

Hand Weapons
 l - a +0 giant spiked club
Armour
 a - a +0 robe (worn)
 b - a +0 kite shield (worn)
Jewellery
 n - a ring of wizardry
Wands
 j - a wand of roots (9)
Scrolls
 i - a scroll of blinking
Potions
 c - a potion of might
 f - a potion of haste
 g - 2 potions of magic
 k - a potion of mutation


   Skills:
 + Level 6.5 Fighting
 + Level 6.9 Dodging
 + Level 7.3 Shields
 + Level 7.0 Unarmed Combat


You had 5 spell levels left.
You didn't know any spells.
Your spell library was empty.

Dungeon Overview and Level Annotations

Branches:
Dungeon (1/1)

Altars:
Cheibriados
Dithmenos
Elyvilon
Fedhas
Gozag
Hepliaklqana
Kikubaaqudgha
Nemelex Xobeh
Okawaru
Qazlal
Ru
Sif Muna
Trog
Uskayaw
Vehumet
Wu Jian
Yredelemnul
Zin
The Shining One

Shops:
D ?

Annotations:
D Sonja


Innate Abilities, Weirdness & Mutations

You are too large for most types of armour.
You have claws for hands.
Your natural rate of healing is unusually fast.
You are covered in fur. (AC +1)
You have tough skin. (AC +1)


Message History

Sonja plants her feet in a plie.
Sonja hits you with a +2 dagger of venom.
You are more poisoned.
Sonja hits you with a +2 dagger of venom.
* * * LOW HITPOINT WARNING * * *
You are more poisoned.
Sonja hits you with a +2 dagger of venom.
* * * LOW HITPOINT WARNING * * *
You feel much better.
You feel very sick. You block Sonja's attack.
Sonja hits you with a +2 dagger of venom.
You are more poisoned.
Sonja hits you with a +2 dagger of venom.
* * * LOW HITPOINT WARNING * * *
A red film seems to cover your vision as you go berserk!
Cheibriados forces you to slow down.
You feel mighty!
You feel very sick.
Sonja hits you with a +2 dagger of venom.
* * * LOW HITPOINT WARNING * * *
You are lethally poisoned!
Sonja hits you with a +2 dagger of venom.
* * * LOW HITPOINT WARNING * * *
You are more poisoned.
Sonja hits you with a +2 dagger of venom.
* * * LOW HITPOINT WARNING * * *
You are more poisoned.
You barely miss Sonja.
* * * LOW HITPOINT WARNING * * *
You feel extremely sick. You block Sonja's attack.
Sonja hits you with a +2 dagger of venom.
* * * LOW HITPOINT WARNING * * *
You are more poisoned.
Sonja misses you. x2; Sonja barely misses you.
Sonja hits you with a +2 dagger of venom.
* * * LOW HITPOINT WARNING * * *
You miss Sonja.
You die...

#..').#..').#..+
#..#####'#####'#
#..####..#...#.#
#..#__####..##.#
#..#_____##'#_.+
#⌠⌠#_.∩...'..._#
####_..__##_.#+#
#_____###K#
####### #@#
+$.$+ #$.$#
##.## #+#


You could see Sonja.

Vanquished Creatures
  Sigmund (D)
  A yak (D)
  An ogre (D)
  A jelly (D)
  Ijyb (D)
5 creatures vanquished.

Notes
Turn   | Place    | Note
-------+----------+-------------------------------------------
     0 | D        | DiggyJ the Troll Fighter began the quest for the Orb.
     0 | D        | Reached XP level 1. HP: 22/22 MP: 0/0
     2 | D        | Noticed Ijyb
    15 | D        | Killed Ijyb
    16 | D        | Reached XP level 2. HP: 21/31 MP: 1/1
    20 | D        | Noticed an ogre
    26 | D        | HP: 1/31 [ogre/+0 giant spiked club (11)]
    31 | D        | Killed an ogre
    32 | D        | Reached skill level 5 in Shields
    32 | D        | Reached XP level 3. HP: 9/40 MP: 2/2
    32 | D        | Reached XP level 4. HP: 11/49 MP: 3/3
    87 | D        | Noticed Sigmund
    97 | D        | Killed Sigmund
    98 | D        | Reached skill level 5 in Fighting
    98 | D        | Reached skill level 5 in Unarmed Combat
    98 | D        | Reached XP level 5. HP: 55/59 MP: 4/4
    98 | D        | Reached XP level 6. HP: 62/67 MP: 5/5
   112 | D        | Found an ornate altar of the Wu Jian Council.
   112 | D        | Found a shimmering blue altar of Sif Muna.
   114 | D        | Found a radiant altar of Vehumet.
   154 | D        | Found Maidd's Magic Scroll Emporium.
   154 | D        | Found an ancient bone altar of Kikubaaqudgha.
   154 | D        | Found a hazy altar of Hepliaklqana.
   154 | D        | Found a stormy altar of Qazlal.
   154 | D        | Found a hide-covered altar of Uskayaw.
   154 | D        | Found a blossoming altar of Fedhas.
   154 | D        | Found a bloodstained altar of Trog.
   154 | D        | Found an iron altar of Okawaru.
   154 | D        | Found a basalt altar of Yredelemnul.
   154 | D        | Found a glowing golden altar of the Shining One.
   154 | D        | Found a snail-covered altar of Cheibriados.
   154 | D        | Found a sacrificial altar of Ru.
   154 | D        | Found a glowing silver altar of Zin.
   154 | D        | Found a shadowy altar of Dithmenos.
   154 | D        | Found a white marble altar of Elyvilon.
   154 | D        | Noticed a yak
   155 | D        | Found an opulent altar of Gozag.
   159 | D        | Killed a yak
   160 | D        | Found a sparkling altar of Nemelex Xobeh.
   164 | D        | Bought a scroll of identify for 22 gold pieces
   189 | D        | Became a worshipper of Cheibriados the Contemplative
   199 | D        | Noticed Sonja
   212 | D        | HP: 5/102 [Sonja/+2 dagger of venom (1)]
   213 | D        | Succumbed to Sonja's poison

Illustrated notes

Levels and vault maps discovered:
D:        dungeon_sprint_1 [red_sonja_temple_1, red_sonja_temple_small_1]

Skill      XL: |  1  2  3  4  5  6 |
---------------+-------------------+-----
Fighting       | 3 4 5 6 |  6.5
Dodging        | 3 4 6 |  6.9
Shields        | 3 5 6 7 |  7.3
Unarmed Combat | 4 5 7 |  7.0

Action                     |  1- 3 |  4- 6 || total
---------------------------+-------+-------++-------
  Melee: Unarmed           |    22 |    24 ||    46
    Use: Potion            |       |     3 ||     3
         Scroll            |       |     2 ||     2
 Armour: Robe              |     3 |     3 ||     6
  Dodge: Dodged            |     4 |    14 ||    18
  Block: Kite shield       |     5 |    17 ||    22
